 Dungeon Crawl Stone Soup version 0.28.0-53-g5a82cb258f (webtiles) character file.

Game seed: 2921634750844918950

301 pkoi the Ruffian (level 5, -7/42 HPs)
             Began as a Demigod Gladiator on June 3, 2022.
             Mangled by an ogre
             ... wielding a +0 giant club
              (23 damage)
             ... on level 3 of the Dungeon.
             The game lasted 00:05:40 (3919 turns).

pkoi the Ruffian (Demigod Gladiator)                Turns: 3919, Time: 00:05:41

Health: -7/42      AC:  9    Str: 19    XL:     5   Next: 90%
Magic:  7/7        EV: 13    Int: 10    God:
Gold:   62         SH:  0    Dex: 15    Spells: 4/4 levels left

rFire   . . .      SeeInvis .   e - +3 dagger (venom)
rCold   . . .      Faith    .   (no shield)
rNeg    + . .      Spirit   .   m - +2 robe {Will+}
rPois   .          Reflect  .   b - +0 helmet
rElec   .          Harm     .   (no cloak)
rCorr   .          Rampage  .   (no gloves)
Will    +....                   (no boots)
Stlth   +.........              (no amulet)
HPRegen 0.14/turn               g - +4 ring of protection
MPRegen 0.10/turn               i - ring of positive energy

@: no status effects
A: high MP 1, forlorn, divine attributes
a: no special abilities


You were on level 3 of the Dungeon.
You visited 1 branch of the dungeon, and saw 3 of its levels.

You collected 62 gold pieces.

Inventory:

Hand Weapons
 e - a +3 dagger of venom (weapon)
 k - a +0 dagger
 l - a +0 short sword
Missiles
 c - 3 throwing nets (quivered)
Armour
 a - a +0 leather armour
 b - a +0 helmet (worn)
 f - a +2 robe of the Archmagi
 m - a +2 robe of willpower (worn)
Jewellery
 g - a +4 ring of protection (left hand)
 i - a ring of positive energy (right hand)
 j - a +6 ring of dexterity
Scrolls
 d - a scroll of teleportation
Potions
 h - a potion of berserk rage {unknown}


   Skills:
 + Level 2.5 Fighting
 - Level 1.7 Throwing
 + Level 3.3 Dodging
 * Level 5.7 Unarmed Combat


You had 4 spell levels left.
You didn't know any spells.
Your spell library was empty.

Dungeon Overview and Level Annotations

Branches:
Dungeon (3/15)


Innate Abilities, Weirdness & Mutations

You have an increased reservoir of magic. (+10% MP)
You shall have no god before yourself.
Your divine heritage dramatically boosts your attributes as you level up.


Message History

You see here an adder corpse.
You see here an adder corpse.
There is a stone staircase leading up here.
There is an escape hatch in the ceiling here.
Things that are here:
a +0 scythe; a +2 robe of willpower
m - a +2 robe of willpower A mysterious force pulls you upwards.
The hatch slams shut behind you.
Items here: ) [[ รท.
Okay, then.
You start removing your armour.
You continue taking off your +2 robe of the Archmagi. x4
You finish taking off your +2 robe of the Archmagi.
You feel strangely numb.
You start putting on your armour.
You continue putting on your +2 robe of willpower. x5
You finish putting on your +2 robe of willpower.
You feel strong-willed.
Unknown command.
Unknown command.
(D) Dungeon
Where to? (Enter - D:3, ? - help)
There is a stone staircase leading down here.
You climb downwards.
The ogre shouts!
There is a stone staircase leading up here.
Unknown command.
Unknown command.
An ogre is nearby!
An ogre is nearby!
You hit the ogre.
The ogre is poisoned.
The ogre is lightly wounded.
The ogre hits you with a +0 giant club!!
Ouch! That really hurt!
* * * LOW HITPOINT WARNING * * *
You closely miss the ogre.
The ogre is lightly wounded.
The ogre hits you with a +0 giant club!!
Ouch! That really hurt!
You die...

#..........##.....#
#..........##.....#
#.....(....#####.##
#..........#...#.#
.##.....(....#.# #.#
...............# #.#
###..........### #.#
#....#.#...O...# #.#
#.##.#.#.#@....# #.#
#.#.....<..#####.#.#
#....#.........#.#
#......#.#######.#
#.####.#.#.#.......#
#..........#.#######
######.#####.#
#.......# #########


You could see an ogre (very poisoned).

Vanquished Creatures
  Sigmund (D:3)
  Jessica (D:2)
  Robin (D:2)
  2 adders (D:3)
  2 worms
  6 ball pythons
  4 bats (D:1)
  5 endoplasms
  2 giant cockroaches (D:2)
  9 goblins
  7 hobgoblins
  11 jackals (D:2)
  3 kobolds
  3 quokkas
  2 frilled lizards (D:3)
  4 rats (D:1)
63 creatures vanquished.

Vanquished Creatures (others)
  2 fungi (D:3)
  23 plants (D:2)
25 creatures vanquished.

Grand Total: 88 creatures vanquished

Notes
Turn   | Place    | Note
-------+----------+-------------------------------------------
     0 | D:1      | pkoi the Demigod Gladiator began the quest for the Orb.
     0 | D:1      | Reached XP level 1. HP: 17/17 MP: 3/3
    95 | D:1      | Reached skill level 3 in Unarmed Combat
   601 | D:1      | Reached XP level 2. HP: 24/24 MP: 4/4
  1417 | D:2      | Noticed Jessica
  1616 | D:2      | Reached XP level 3. HP: 29/29 MP: 5/5
  1631 | D:2      | Reached skill level 4 in Unarmed Combat
  2165 | D:3      | Noticed Sigmund
  2375 | D:2      | Killed Jessica
  2376 | D:2      | Reached XP level 4. HP: 18/36 MP: 6/6
  2824 | D:3      | Noticed an ogre
  2895 | D:3      | Noticed Robin
  3312 | D:2      | Killed Robin
  3526 | D:3      | Reached skill level 5 in Unarmed Combat
  3698 | D:3      | Killed Sigmund
  3699 | D:3      | Reached XP level 5. HP: 26/42 MP: 7/7
  3919 | D:3      | Mangled by an ogre

Illustrated notes

Levels and vault maps discovered:
D:1:      elethiomel_arrival_infinity_welcomes_careful_drivers, layout_rooms,
          shapermc_ecumenical_altar_notcrosses
D:2:      layout_rooms, chequers_serial_rivers_room_a, serial_bayou_lagoon_a,
          minmay_misc_feat_cross, serial_bayou_lake_a, uniq_jessica
D:3:      layout_basic, mainiacjoe_overflow_alcove_4, uniq_robin,
          uniq_crazy_yiuf_cottage, uniq_sigmund

Skill      XL: |  1  2  3  4 |
---------------+-------------+-----
Unarmed Combat | 3 4 5 |  5.7
Fighting       | 2 |  2.5
Dodging        | 3 |  3.3
Throwing       | |  1.7

Action                   |  1- 3 |  4- 6 || total
-------------------------+-------+-------++-------
Melee: Unarmed           |   170 |       ||   170
       Punch             |     3 |     2 ||     5
       Dagger            |       |    63 ||    63
  Use: Scroll            |     3 |     1 ||     4
       Potion            |     2 |       ||     2
 Stab: Sleeping          |     1 |     1 ||     2
Armor: Leather armour    |    40 |       ||    40
       Robe              |       |    25 ||    25
Dodge: Dodged            |   107 |    46 ||   153
